 Dungeon Crawl Stone Soup version 0.19.0-22-gd96e5fe (webtiles) character file.

438 BadBadger the Ogre Mage (level 7, -1/88 HPs)
             Began as an Ogre Fire Elementalist on Nov 19, 2016.
             Slain by a wight
             ... wielding a +2 long sword
              (7 damage)
             ... on level 3 of the Dungeon.
             The game lasted 00:11:13 (3486 turns).

BadBadger the Ogre Mage (Ogre Fire Elementalist)    Turns: 3486, Time: 00:11:14

Health: -1/88      AC:  8    Str: 19    XL:     7   Next: 1%
Magic:  1/14       EV:  9    Int: 16    God:
Gold:   110        SH:  0    Dex: 10    Spells: 5 memorised, 3 levels left

rFire  . . .     SeeInvis .     a - +0 flail
rCold  . . .     Gourm    .     e - +1 robe
rNeg   . . .     Faith    .     (no shield)
rPois  .         Spirit   .     (helmet restricted)
rElec  .         Reflect  .     (no cloak)
rCorr  .         Harm     .     (gloves unavailable)
MR     .....                    (boots unavailable)
Stlth  ..........               j - amulet of rage
                                (no ring)
                                l - +4 ring of protection

@: berserking, very slightly contaminated, heavily drained, very quick
A: unfitting armour, blink, tough skin 1
a: Blink, Evoke Berserk Rage


You were on level 3 of the Dungeon.
You were hungry.

You visited 1 branch of the dungeon, and saw 4 of its levels.

You collected 110 gold pieces.

Inventory:

Hand Weapons
 a - a +0 flail (weapon)
 m - a +0 club
Armour
 e - a +1 robe (worn)
Jewellery
 j - an amulet of rage (around neck)
 l - a +4 ring of protection (left hand)
Scrolls
 d - a scroll of identify
 f - a scroll of remove curse
 g - 3 scrolls of teleportation
 o - a scroll of fear
Potions
 k - a potion of brilliance
 t - a potion of invisibility
 u - a potion of haste
 v - a potion of flight
 w - a potion of lignification {unknown}
Books
 b - a book of Flames

   Spells                             Type                      Level
   a - Flame Tongue                   Conjuration/Fire             1
   b - Throw Flame                    Conjuration/Fire             2
   c - Conjure Flame                  Conjuration/Fire             3
   d - Inner Flame                    Hexes/Fire                   3
   e - Sticky Flame                   Conjuration/Fire             4
   f - Fireball                       Conjuration/Fire             5
Comestibles
 c - 2 bread rations
 s - a royal jelly
 x - a meat ration


   Skills:
 - Level 0.3(0.0) Maces & Flails
 - Level 1.8(0.2) Dodging
 - Level 1.5(0.0) Stealth
 - Level 0.1(0.0) Unarmed Combat
 + Level 5.1(3.4) Spellcasting
 + Level 2.6(1.0) Conjurations
 + Level 3.7(2.0) Fire Magic


You had 3 spell levels left.
You knew the following spells:

 Your Spells              Type           Power        Failure   Level  Hunger
a - Flame Tongue          Conj/Fire      #....        12%         1    None
b - Throw Flame           Conj/Fire      #.....       17%         2    ##.....
c - Conjure Flame         Conj/Fire      #.......     34%         3    ###....
d - Inner Flame           Hex/Fire       #.......     38%         3    ###....
e - Sticky Flame          Conj/Fire      #.......     91%         4    ####...


Dungeon Overview and Level Annotations

Branches:
Dungeon (4/15)
 Temple: D:4-7

Altars:

Annotations:
D:4 Dowan


Innate Abilities, Weirdness & Mutations

You are too large for most types of armour.
You have tough skin. (AC +1)
You can translocate small distances at will.


Message History

You are feeling hungry.
The wight hits you with a great sword.
* * * LOW HITPOINT WARNING * * *
You feel drained.
* * * LOW HITPOINT WARNING * * *
You completely miss the wight.
The wight is almost destroyed.
The wight hits you with a great sword.
* * * LOW HITPOINT WARNING * * *
You feel drained.
* * * LOW HITPOINT WARNING * * *
You hit the wight.
You destroy the wight!
You have reached level 7!
You barely miss the wight.
The wight hits you with an enchanted long sword!
* * * LOW HITPOINT WARNING * * *
You barely miss the wight.
The wight hits you with an enchanted long sword!
You die...

......##..#[.####
....)..#.....>..#
..........##....###
.........[##......###
%...).%......<......#
.###.##.....z.....#.#
... ######....#...#
.......#######...###..#
### #....@z)........##
#########......##
#.....## #######


You could see a wight.

Vanquished Creatures
  Duvessa (D:4)
  4 wights (D:3)
  A worker ant (D:4)
  4 gnolls
  2 adders (D:2)
  An ooze (D:1)
  An adder skeleton (D:4)
  3 worms (D:2)
  2 dart slugs (D:1)
  7 orcs
  8 bats
  3 giant cockroaches
  8 goblins
  7 hobgoblins
  3 jackals (D:2)
  4 quokkas
  6 frilled lizards
  3 kobolds
  8 rats
76 creatures vanquished.

Notes
Turn   | Place    | Note
-------+----------+-------------------------------------------
     0 | D:1      | BadBadger the Ogre Fire Elementalist began the quest for the Orb.
     0 | D:1      | Reached XP level 1. HP: 16/16 MP: 3/3
   226 | D:1      | Reached XP level 2. HP: 22/24 MP: 1/5
   305 | D:1      | Learned a level 2 spell: Throw Flame
   422 | D:1      | Reached skill level 3 in Spellcasting
   422 | D:1      | Reached XP level 3. HP: 25/31 MP: 1/7
   937 | D:2      | Learned a level 3 spell: Conjure Flame
  1162 | D:2      | Reached skill level 1 in Conjurations
  1275 | D:2      | Reached XP level 4. HP: 24/39 MP: 0/9
  1280 | D:2      | Learned a level 3 spell: Inner Flame
  2445 | D:4      | Reached skill level 4 in Spellcasting
  2445 | D:4      | Reached XP level 5. HP: 38/45 MP: 0/11
  2632 | D:4      | Noticed Duvessa
  2642 | D:4      | Noticed Dowan
  2681 | D:4      | Killed Duvessa
  2681 | D:4      | Reached XP level 6. HP: 15/53 MP: 7/12
  2936 | D:3      | Learned a level 4 spell: Sticky Flame
  3349 | D:3      | Gained mutation: You can translocate small distances at will. [potion of beneficial mutation]
  3455 | D:3      | Reached skill level 5 in Spellcasting
  3484 | D:3      | Reached XP level 7. HP: 17/59 MP: 1/14
  3486 | D:3      | Slain by a wight

Skill      XL: |  1  2  3  4  5  6 |
---------------+-------------------+-----
Spellcasting   | 3 4 5 |  5.1
Conjurations   | 1 2 |  2.6
Fire Magic     | 3 |  3.7
Maces & Flails | |  0.3
Dodging        | |  1.8
Stealth        | |  1.5
Unarmed Combat | |  0.1

Action                   |  1- 3 |  4- 6 |  7- 9 || total
-------------------------+-------+-------+-------++-------
Melee: Unarmed           |    24 |       |       ||    24
       Club              |    31 |    41 |       ||    72
       Flail             |       |    21 |     2 ||    23
 Cast: Flame Tongue      |    41 |    77 |       ||   118
       Throw Flame       |     4 |    18 |       ||    22
 Abil: Evoke Berserk Rag |       |     1 |       ||     1
  Use: Scroll            |       |    13 |       ||    13
       Potion            |       |     3 |       ||     3
 Stab: Sleeping          |       |     2 |       ||     2
  Eat: Chunk             |     1 |     8 |       ||     9
Armor: Robe              |    30 |    41 |       ||    71
Dodge: Dodged            |    35 |    58 |       ||    93
